 Dungeon Crawl Stone Soup version 0.30-a0-1157-g2cc9ac7196 (webtiles) character file.

Game seed: 18248882341623965855

26865 cheesebisquit the Bludgeoner (level 13, -17/109 HPs)
             Began as an Armataur Fighter on Apr 24, 2023.
             Was an Elder of Makhleb.
             Demolished by a wolf spider simulacrum (25 damage)
             ... on level 14 of the Dungeon.
             The game lasted 00:37:41 (14370 turns).

cheesebisquit the Bludgeoner (Armataur Fighter)    Turns: 14370, Time: 00:37:42

Health: -17/109    AC: 21    Str: 28    XL:     13   Next: 1%
Magic:  13/13      EV:  9    Int:  8    God:    Makhleb [****..]
Gold:   940        SH:  0    Dex: 18    Spells: 12/12 levels left

rFire   . . .        O - +10 dark maul {heavy}
rCold   . . .        (shield currently unavailable)
rNeg    + . .        n - +2 ring mail "Atan" {rPois}
rPois   +            v - +2 helmet
rElec   .            (no cloak)
rCorr   .            h - +1 pair of gloves
SInv    .            y - +1 barding
Will    .....        (no amulet)
Stlth   +            i - +6 ring of dexterity
HPRegen 0.38/turn    o - ring of Taocuth {rN+ Str+3}
MPRegen 0.13/turn

%: roll
@: no status effects
A: large, rugged brown scales 3, deformed body, armoured tail, roll, long
tongue, awkward tongue
a: Renounce Religion, Minor Destruction, Lesser Servant of Makhleb, Major
Destruction


You were on level 14 of the Dungeon.
You worshipped Makhleb.
Makhleb was greatly pleased with you.
You visited 2 branches of the dungeon, and saw 15 of its levels.

You collected 940 gold pieces.

Inventory:

Hand Weapons
 a - a +0 flail
 d - a +2 flail of holy wrath
 l - a +0 broad axe of flaming
 O - the +10 dark maul (weapon) {heavy}
   (You found it on level 8 of the Dungeon)
 X - the +5 hand axe of Laiq {elec, rPois rF+ Dex+3}
   (You found it on level 11 of the Dungeon)

   Dex:       It affects your dexterity (+3).
   rF:        It protects you from fire.
   rPois:     It protects you from poison.
Missiles
 j - 22 poisoned darts
 p - 4 boomerangs (quivered)
 w - 4 curare-tipped darts
 Q - 2 throwing nets
Armour
 c - a +0 buckler
 h - a +1 pair of gloves (worn)
 n - the +2 ring mail "Atan" (worn) {rPois}
   (You found it on level 2 of the Dungeon)

   rPois:     It protects you from poison.
 q - +0 acid dragon scales
 v - a +2 helmet (worn)
 y - a +1 barding (worn)
Jewellery
 i - a +6 ring of dexterity (left hand)
 k - a ring of resist corrosion
 o - the ring of Taocuth (right hand) {rN+ Str+3}
   (You found it on level 2 of the Dungeon)

   [ring of positive energy]

   Str:       It affects your strength (+3).
   rN:        It protects you from negative energy.
 z - a ring of magical power
 E - a ring of protection from fire
 I - a ring of poison resistance
 N - a +6 ring of intelligence
Wands
 f - a wand of iceblast (8)
 g - a wand of digging (6)
 m - a wand of flame (13)
 L - a wand of paralysis (7)
Scrolls
 e - 2 scrolls of teleportation
 t - a scroll of noise
 u - 4 scrolls of vulnerability
 x - a scroll of amnesia
 C - a scroll of immolation
 F - a scroll of blinking
 H - 2 scrolls of poison
 J - a scroll of brand weapon
 K - 2 scrolls of torment
 S - a scroll of butterflies {unknown}
 T - a scroll of silence {unknown}
 U - 3 scrolls of fear
Potions
 b - 3 potions of mutation
 r - 4 potions of attraction
 s - 9 potions of curing
 B - a potion of lignification
 G - 3 potions of flight
 M - 3 potions of brilliance
 P - a potion of resistance
 R - a potion of might
 V - 2 potions of haste
 W - a potion of ambrosia


   Skills:
 - Level 6.1 Fighting
 * Level 16.9 Maces & Flails
 - Level 8.2 Armour
 - Level 4.4 Dodging
 - Level 7.5 Shields


You had 12 spell levels left.
You didn't know any spells.
Your spell library contained the following spells:

 Spells                   Type           Power      Damage    Failure   Level
 Sandblast                Erth           0%         2d4       52%         1
 Sting                    Tmut/Pois      0%         1d3       52%         1
 Blink                    Tloc           0%         N/A       65%         2
 Lesser Beckoning         Tloc           0%         N/A       65%         2
 Momentum Strike          Conj/Tloc      0%         3d8       65%         2
 Passwall                 Tmut/Erth      0%         N/A       65%         2
 Poisonous Vapours        Pois/Air       0%         N/A       65%         2
 Stone Arrow              Conj/Erth      0%         3d7       87%         3
 Animate Armour           Summ/Erth      0%         N/A       99%         4
 Animate Dead             Necr           0%         N/A       99%         4
 Olgreb's Toxic Radiance  Pois           0%         N/A       99%         4
 Blade Hands              Tmut           0%         N/A       100%        5
 Borgnjor's Vile Clutch   Necr/Erth      0%         N/A       100%        5
 Death Channel            Necr           0%         N/A       100%        6
 Iron Shot                Conj/Erth      0%         9d1       100%        6


Dungeon Overview and Level Annotations

Branches:
Dungeon (14/15)            Temple (1/1) D:4            Lair (0/5) D:10
    Orc (0/2) D:9          Vaults (0/5) D:13

Altars:
Ashenzari
Cheibriados
Dithmenos
Elyvilon
Fedhas
Gozag
Hepliaklqana
Kikubaaqudgha
Makhleb
Nemelex Xobeh
Okawaru
Qazlal
Ru
Sif Muna
Trog
Uskayaw
Vehumet
Wu Jian
Xom
Yredelemnul
Zin
The Shining One

Shops:
D:8 =   D:10 (

Annotations:
D:7 2 transporters, cheesebisquit's ghost, novice DjFE


Innate Abilities, Weirdness & Mutations

You are completely covered in rugged brown scales. (AC +3, +7% HP)
Armour fits poorly on your strangely shaped body.
You have a long armoured tail.
You roll when moving toward enemies. (Rampage)
Your long tongue fully drains potion bottles. (2x potion effects)
Your tongue gives you trouble enunciating. (1.5x scroll delay)


Message History

There is a stone staircase leading up, spattered with blood here.
The centaur warrior simulacrum hits you.
The centaur warrior simulacrum freezes you!
The centaur warrior simulacrum kicks you but does no damage.
The ice beast hits you but does no damage.
The white imp disappears for a moment.
You climb upwards.
There is a stone staircase leading down here.
You hammer the ice beast like a gong!!!!
You kill the ice beast!
Makhleb accepts your kill.
You feel better.
You start resting.
HP restored.
You climb downwards.
You feel a wave of frost pass over you.
There is an entrance to an ice cave on this level.
Hurry and find it before the portal melts!
You hear the steady crackling of a distant melting archway.
The hornet simulacrum barely misses you.
The centaur warrior simulacrum hits you but does no damage.
The centaur warrior simulacrum kicks you but does no damage.
The hornet simulacrum misses you.
The centaur warrior simulacrum hits you but does no damage.
The centaur warrior simulacrum kicks you but does no damage.
There is a stone staircase leading up, spattered with blood here.
The hornet simulacrum hits you! The hornet simulacrum freezes you!
The wolf spider simulacrum hits you!
The wolf spider simulacrum freezes you!!
The wolf spider simulacrum barely misses you.
The centaur warrior simulacrum hits you.
The centaur warrior simulacrum freezes you!
The centaur warrior simulacrum kicks you but does no damage.
The hornet simulacrum hits you.
* * * LOW HITPOINT WARNING * * *
The hornet simulacrum freezes you!
* * * LOW HITPOINT WARNING * * *
The wolf spider simulacrum hits you!
* * * LOW HITPOINT WARNING * * *
The wolf spider simulacrum freezes you!!
You die...

**,,,,,,,,,,** *,,,,,,
***,,,,,,,,,,,>* *,,,,,,
*,,,,,,,,,,,,,,*********,****,
*,,,,,,,,,,,,,,,,,,,,,,,,* *,
*,,~~~,,,,,,,,**********,* *,
*,,~~~,,**,,,** *,* *,
**,,~~~,,**######### *,****,
*,,,~,~~,,*#.......# **,,,,,,
*,,~,,,~,,*#.Z@....# **,,,,,,,
*,,~~.,,,,*#..ZZ...###*,,,,,,>,
*,~~,..S,,*#..........,,,,,,,,,
**,~~,āˆ©.~ā‰ˆ.##....5.....,,,,,,,,,
*,,,~,..Zā‰ˆ.....#......#,,,,,,,,,
*,,~~,..~~..#..........,,,,,,,,,
*,,~~,āˆ©.~~......#..(.#.,,,,,,,,,
*,,~~,..~...##.........,,,,,,,,,
*,,~~~..~~.#*#...#..#..,,,,,,,,,


You could see a white imp, a hornet simulacrum, a wolf spider simulacrum and a
centaur warrior simulacrum.

Vanquished Creatures
  Frances (D:12)
  2 boulder beetles
  5 two-headed ogres
  3 centaur warriors (D:13)
  A death knight (D:13)
  2 dancing weapons (D:13)
  A fire crab (shapeshifter) (D:14)
  A skyshark (shapeshifter) (D:13)
  2 deep elf pyromancers
  3 ugly things
  A cyclops (D:12)
  Maggie (D:6)
  4 gargoyles (D:12)
  A kobold demonologist (D:12)
  2 unseen horrors
  Prince Ribbit (D:6)
  3 trolls
  Grinder (D:5)
  3 wraiths
  6 slime creatures
  2 wyverns (D:9)
  16 yaks
  10 vampire mosquitoes
  2 steam dragons
  An acid dragon (D:8)
  3 orc warriors
  2 ice beasts (D:13)
  2 black bears
  5 ogres
  A sky beast (D:8)
  A wolf (D:13)
  9 centaurs
  3 phantoms
  4 kobold brigands
  6 bullfrogs
  A gnoll sergeant (D:10)
  3 scorpions
  7 wights
  11 killer bees
  5 howler monkeys
  A jelly (D:5)
  3 gnoll boudas
  10 orc priests
  9 hounds
  A sleepcap (D:4)
  3 iguanas
  15 orc wizards
  25 gnolls
  4 adders
  A shadow imp (D:6)
  2 ufetubi
  3 worms
  A dart slug (D:4)
  44 orcs
  5 ball pythons
  8 endoplasms
  6 giant cockroaches
  4 goblins
  7 hobgoblins
  6 jackals
  27 kobolds
  3 bats
  5 frilled lizards
  5 rats
336 creatures vanquished.

Vanquished Creatures (others)
  7 plants
7 creatures vanquished.

Grand Total: 343 creatures vanquished

Notes
Turn   | Place    | Note
-------+----------+-------------------------------------------
     0 | D:1      | cheesebisquit the Armataur Fighter began the quest for the
                  | Orb.
     0 | D:1      | Reached XP level 1. HP: 19/19 MP: 1/1
   212 | D:1      | Reached XP level 2. HP: 26/26 MP: 2/2
   270 | D:1      | Reached skill level 2 in Maces & Flails
   729 | D:2      | Identified the +2 ring mail "Atan" {rPois}
   805 | D:2      | Identified the ring of Taocuth {rN+ Str+3}
  1024 | D:2      | Reached XP level 3. HP: 32/33 MP: 3/3
  1032 | D:2      | Reached skill level 1 in Dodging
  1037 | D:2      | Reached XP level 4. HP: 37/40 MP: 4/4
  2192 | D:3      | Found a radiant altar of Vehumet.
  2269 | D:3      | Found a faded altar of an unknown god.
  2572 | D:4      | Noticed a scorpion
  2579 | D:4      | Killed a scorpion
  2580 | D:4      | Reached XP level 5. HP: 44/48 MP: 5/5
  2838 | D:4      | Found a staircase to the Ecumenical Temple.
  2844 | Temple   | Entered the Ecumenical Temple
  3170 | D:4      | Noticed an ogre
  3171 | D:4      | Reached skill level 3 in Maces & Flails
  3179 | D:4      | Killed an ogre
  3180 | D:4      | Reached skill level 5 in Armour
  3180 | D:4      | Reached XP level 6. HP: 44/55 MP: 6/6
  3452 | D:4      | Identified the +0 pair of boots of the Accordion {+Inv
                  | Str+2}
  3668 | D:5      | Entered Level 5 of the Dungeon
  3673 | D:5      | Noticed Grinder
  3726 | D:4      | Reached XP level 7. HP: 60/63 MP: 7/7
  3753 | D:5      | Killed Grinder
  3754 | D:5      | Reached skill level 5 in Shields
  3951 | D:5      | Reached skill level 4 in Maces & Flails
  4113 | D:5      | Found a broken altar of Ashenzari.
  4174 | D:5      | Reached XP level 8. HP: 65/71 MP: 8/8
  4532 | D:5      | Found an ancient bone altar of Kikubaaqudgha.
  4538 | D:5      | Found a sparkling altar of Nemelex Xobeh.
  4541 | D:5      | Found a sacrificial altar of Ru.
  4837 | D:5      | Found a white marble altar of Elyvilon.
  4847 | D:5      | Reached skill level 5 in Fighting
  4917 | D:6      | Noticed Maggie
  5193 | D:6      | Killed Maggie
  5194 | D:6      | Reached skill level 5 in Maces & Flails
  5211 | D:6      | Reached XP level 9. HP: 61/79 MP: 9/9
  5316 | D:6      | Noticed Prince Ribbit
  5350 | D:6      | Killed Prince Ribbit
  5461 | D:6      | Found an iron altar of Okawaru.
  6177 | D:6      | Found a blossoming altar of Fedhas.
  6762 | D:7      | Found a burning altar of Makhleb.
  6768 | D:7      | Became a worshipper of Makhleb the Destroyer
  6949 | D:7      | Found a transporter.
  7015 | D:7      | Noticed cheesebisquit's ghost (novice DjFE)
  7016 | D:7      | Found a transporter.
  7017 | D:7      | Identified the +7 dire flail "Naimun" {flame, rElec rN+++
                  | Will- Str-5}
  7140 | D:8      | Found the +10 dark maul {heavy}
  7283 | D:8      | Reached * piety under Makhleb
  7284 | D:8      | Reached skill level 6 in Maces & Flails
  7289 | D:8      | Noticed a two-headed ogre
  7294 | D:8      | Killed a two-headed ogre
  7295 | D:8      | Reached skill level 7 in Maces & Flails
  7295 | D:8      | Reached XP level 10. HP: 43/88 MP: 10/10
  7517 | D:8      | Found Neucao Dilo's Jewellery Boutique.
  7708 | D:8      | Reached skill level 8 in Maces & Flails
  8255 | D:9      | Reached skill level 9 in Maces & Flails
  8326 | D:9      | Reached ** piety under Makhleb
  8353 | D:9      | Found a staircase to the Orcish Mines.
  8390 | D:9      | Found a bloodstained altar of Trog.
  8619 | D:9      | Found a stormy altar of Qazlal.
  8766 | D:9      | Reached skill level 10 in Maces & Flails
  9311 | D:10     | Entered Level 10 of the Dungeon
  9512 | D:10     | Reached skill level 11 in Maces & Flails
  9525 | D:9      | Reached XP level 11. HP: 63/95 MP: 11/11
  9835 | D:10     | Reached *** piety under Makhleb
  9900 | D:10     | Found a staircase to the Lair.
 10056 | D:10     | Found a glowing golden altar of the Shining One.
 10056 | D:10     | Found an opulent altar of Gozag.
 10192 | D:10     | Found Umnu Xea's Antique Weapon Boutique.
 10378 | D:10     | Found an ornate altar of the Wu Jian Council.
 10590 | D:11     | Reached skill level 12 in Maces & Flails
 10626 | D:11     | Noticed a two-headed ogre
 10635 | D:11     | Killed a two-headed ogre
 10764 | D:11     | Noticed a boulder beetle
 10780 | D:11     | Killed a boulder beetle
 11008 | D:11     | Reached skill level 13 in Maces & Flails
 11044 | D:11     | Noticed a two-headed ogre
 11049 | D:11     | Killed a two-headed ogre
 11405 | D:11     | Noticed a green ugly thing
 11408 | D:11     | Identified the +5 hand axe of Laiq {elec, rPois rF+ Dex+3}
 11412 | D:11     | Killed a green ugly thing
 11584 | D:12     | Noticed a boulder beetle
 11586 | D:12     | Killed a boulder beetle
 11839 | D:12     | Reached **** piety under Makhleb
 12000 | D:12     | Reached skill level 14 in Maces & Flails
 12040 | D:12     | Reached XP level 12. HP: 35/102 MP: 12/12
 12780 | D:12     | Noticed Frances
 12782 | D:12     | Killed Frances
 12783 | D:12     | Reached skill level 15 in Maces & Flails
 12930 | D:13     | Noticed a two-headed ogre
 12934 | D:13     | Killed a two-headed ogre
 13116 | D:13     | Reached skill level 16 in Maces & Flails
 13116 | D:13     | Noticed a centaur warrior
 13118 | D:13     | Killed a centaur warrior
 13383 | D:13     | Found a gate to the Vaults.
 13461 | D:13     | Noticed a centaur warrior
 13465 | D:13     | Noticed a death knight
 13499 | D:13     | Killed a death knight
 13510 | D:13     | Killed a centaur warrior
 13510 | D:13     | Noticed a two-headed ogre
 13516 | D:13     | Killed a two-headed ogre
 13733 | D:13     | Noticed a centaur warrior
 13737 | D:13     | Killed a centaur warrior
 14073 | D:13     | Reached XP level 13. HP: 25/109 MP: 13/13
 14370 | D:14     | Demolished by a wolf spider simulacrum

Illustrated notes

Levels and vault maps discovered:
D:1:      dpeg_arrival_pits, layout_basic
D:2:      cheibrodos_pilgrimage, layout_loops_corners
D:3:      layout_loops_corners, lemuel_coloured_pillars_altar,
          hellmonk_ecumenical_altar_leap_of_faith
D:4:      layout_loops_corners, minmay_temple_entry_enclosed_plants
D:5:      layout_gridville, elyvilon_altar_4, nicolae_ashenzari_skybound,
          minmay_overflow_temple_star_quad, uniq_grinder
D:6:      layout_layer_cave, fedhas_altar_1, okawaru_metal_pillars_1_2,
          lightli_ossuary_entry_decrepit_ruins, grunt_decor_clamped,
          uniq_prince_ribbit1, uniq_maggie
D:7:      layout_basic, mainiacjoe_overflow_alcove_2, gammafunk_ghost_smash
D:8:      layout_loops_corners, serial_shops, nicolae_shop_tiny_statue_garden,
          nrook_mini_vaults
D:9:      layout_basic, trog_three_pillars_becter, grunt_qazlal_clouds,
          david_orc_2, minivault_19
D:10:     layout_big_octagon, nicolae_wu_jian_glorious_leap,
          gammafunk_temple_overflow_pools, lair_entry_dummy, serial_gnoll_camp,
          gnoll_camp_mini_doghouse, gnoll_camp_mini_house,
          gnoll_camp_mini_doghouse, gnoll_camp_mini_sergeant,
          gnoll_camp_mini_hut, gnoll_camp_mini_shop, roderic_serpentine_path
D:11:     layout_small_grid, evilmike_butchery
D:12:     cheibrodos_statue_roulette, layout_irregular_city,
          gauntlet_entry_generic, uniq_frances
D:13:     layout_basic, erik_vaults_1, minmay_misc_feat_iff, drop_trap,
          amethyst_killhole
D:14:     minmay_the_grid_3x2 [minmay_the_grid_all_tris, minmay_the_grid_eight,
          minmay_the_grid_garden, minmay_the_grid_broken_lines,
          minmay_the_grid_small_cups, minmay_the_grid_prize_trominoes],
          layout_rooms, minmay_misc_feat_more_columns, serial_ice, serial_ice_f,
          serial_ice_i, serial_ice_o, serial_ice_c, serial_ice_d, serial_ice_a,
          portal_ice_cave_entry_pillars_three, hangedman_aviary
Temple:   nicolae_temple_superstar

Skill      XL: |  1  2  3  4  5  6  7  8  9 10 11 12 |
---------------+-------------------------------------+-----
Maces & Flails | 2 3 4 5 7 11 14 16 | 16.9
Fighting       | 3 4 5 6 |  6.1
Armour         | 4 5 6 7 8 |  8.2
Dodging        | 1 2 3 4 |  4.4
Shields        | 4 5 6 7 |  7.5

Action                     |  1- 3 |  4- 6 |  7- 9 | 10-12 | 13-15 || total
---------------------------+-------+-------+-------+-------+-------++-------
  Melee: Flail             |    65 |   101 |   316 |       |       ||   482
         Tailslap          |     6 |    12 |    52 |    27 |       ||    97
         Maul              |       |       |    14 |   285 |     3 ||   302
  Throw: Boomerang         |       |    18 |    30 |    41 |       ||    89
    Use: Scroll            |       |       |    15 |    16 |       ||    31
         Potion            |       |       |     5 |     7 |       ||    12
   Stab: Invisible         |       |       |       |     2 |       ||     2
 Armour: Scale mail        |    18 |       |       |       |       ||    18
         Ring mail         |    16 |    55 |   258 |   443 |    11 ||   783
  Dodge: Dodged            |    23 |    35 |   122 |   350 |     4 ||   534
  Block: Buckler           |    11 |    25 |   112 |       |       ||   148

Table legend: (Time is in decaauts)
 A = Elapsed time spent in this place.
 B = Non-inter-level travel time spent in this place.
 C = Inter-level travel time spent in this place.
 D = Time resting spent in this place.
 E = Time spent auto-exploring this place.
 F = Levels seen in this place.
 G = Mean time per level.
                   A        B        C        D        E       F      G
               +--------+--------+--------+--------+--------+-----+--------+
         Total |  15033 |  14481 |    552 |   1149 |  10726 |  15 | 1002.2 |
       Dungeon |  14928 |  14391 |    537 |   1149 |  10646 |  14 | 1066.3 |
        Temple |    104 |     89 |     15 |      0 |     80 |   1 |  104.0 |
               +--------+--------+--------+--------+--------+-----+--------+

Top non-repeatable levels by time:
     D:9: 1629 daAuts
     D:6: 1540 daAuts
    D:13: 1437 daAuts
     D:4: 1286 daAuts
    D:11: 1280 daAuts
    D:12: 1262 daAuts
     D:5: 1208 daAuts
     D:8: 1143 daAuts
     D:3: 997 daAuts
    D:10: 954 daAuts
     D:2: 885 daAuts
     D:1: 708 daAuts
     D:7: 563 daAuts
  Temple: 104 daAuts
    D:14: 30 daAuts
